 Dungeon Crawl Stone Soup version 0.28-a0-861-ge64d6db94f (webtiles) character file.

Game seed: 4017560533070297205

14 cheechan the Bolt Thrower (level 2, 0/26 HPs)
             Began as a Naga Hunter on Nov 15, 2021.
             Frozen to death by an endoplasm (5 damage)
             ... on level 1 of the Dungeon.
             The game lasted 00:01:47 (250 turns).

cheechan the Bolt Thrower (Naga Hunter)              Turns: 250, Time: 00:01:47

Health: 0/26       AC:  2    Str: 14    XL:     2   Next: 41%
Magic:  2/2        EV:  9    Int: 11    God:
Gold:   4          SH:  0    Dex: 11    Spells: 1/1 levels left

rFire   . . .      SeeInvis +   a - +1 hand crossbow
rCold   . . .      Faith    .   (no shield)
rNeg    . . .      Spirit   .   c - +0 leather armour
rPois   +          Reflect  .   (no helmet)
rElec   .          Harm     .   (no cloak)
rCorr   .          Rampage  .   (no gloves)
Will    .....                   (no barding)
Stlth   +.........              (no amulet)
HPRegen 0.08/turn               (no ring)
MPRegen 0.08/turn               (no ring)

@: very slow
A: AC +0, large, see invisible, deformed body, poison resistance, slowness 2,
spit poison 1, naga tail 1
a: Spit Poison


You were on level 1 of the Dungeon.
You visited 1 branch of the dungeon, and saw 1 of its levels.

You collected 4 gold pieces.

Inventory:

Hand Weapons
 a - a +1 hand crossbow (weapon)
 b - a +0 short sword
Missiles
 d - 11 bolts (quivered ammo)
Armour
 c - a +0 leather armour (worn)
Potions
 e - a potion of invisibility {unknown}
 f - a potion of curing {unknown}


   Skills:
 + Level 2.0 Fighting
 + Level 4.0 Crossbows
 + Level 0.4 Armour
 + Level 1.6 Dodging
 + Level 1.5 Stealth


You had one spell level left.
You didn't know any spells.
Your spell library contained the following spells:

 Spells                   Type           Power      Damage    Failure   Level
 Foxfire                  Conj/Fire      0%         2x1d4     41%         1
 Passwall                 Tmut/Erth      0%         N/A       56%         2
 Conjure Flame            Conj/Fire      0%         6-21      80%         3
 Inner Flame              Hex/Fire       0%         N/A       80%         3
 Swiftness                Air            0%         N/A       80%         3
 Flame Wave               Conj/Fire      0%         3d3       99%         4


Dungeon Overview and Level Annotations

Branches:
Dungeon (1/15)

Altars:


Innate Abilities, Weirdness & Mutations

Your serpentine skin is tough. (AC +0)
You have supernaturally acute eyesight. (SInv)
Armour fits poorly on your strangely shaped body.
Your system is resistant to poisons. (rPois)
You cover ground very slowly.
You can spit poison.
You have a snake-like lower body.


Message History

You shoot a bolt. The endoplasm quivers.
The bolt hits the giant cockroach.
You kill the giant cockroach!
Abil: Spit Poison
Press: ? - help, Q - select action, (/) - cycle Shift-Dir - straight line, f - kobold
Aim: a kobold, wielding a +0 short sword The splash of poison misses the kobold.
Unknown command.
Fire: 14 bolts
Press: ? - help, Shift-Dir - straight line, f/p - kobold
Aim: a kobold, wielding a +0 short sword (58% to hit)
You shoot a bolt. The bolt closely misses the kobold.
Unknown command.
Fire: 13 bolts
Press: ? - help, Shift-Dir - straight line, f/p - kobold
Aim: a kobold, wielding a +0 short sword (58% to hit)
You shoot a bolt. The bolt barely misses the kobold.
A goblin comes into view. It is wielding a +0 club.
The kobold barely misses you.
Unknown command.
Fire: 12 bolts
Press: ? - help, Shift-Dir - straight line, f/p - kobold
Aim: a kobold, wielding a +0 short sword (58% to hit)
You shoot a bolt. The bolt closely misses the kobold.
The goblin shouts!
The kobold hits you with a +0 short sword.
Unknown command.
You have got your breath back.
The kobold completely misses you. The endoplasm freezes you.
You are frozen.
* * * LOW HITPOINT WARNING * * *
The endoplasm hits you but does no damage.
The endoplasm hits you.
* * * LOW HITPOINT WARNING * * *
The endoplasm barely misses you. The endoplasm freezes you.
You are frozen.
You die...

.##....♣♣♣.♣..#.♣.......♣......#
.##..†♣♣..♣♣...†.....†.....†...#
......♣.P♣
♣....♣.♣.♣.♣.♣......## ......♣..
♣.####...............# ......♣P
♣..................... ......♣♣
♣.................#### ......♣
♣♣#####.>..........# ......♣
♣..####............# ....#.#
#..KJ@............# .#...♣.
♣.....J.#####.......# .#.#.
......g....# #.......# .#.
.♣.♣.♣(......# #.###..##
.?.........# #.# ..#
............# #.# ..#
............. ... .♣
..(...(......


You could see 2 endoplasms, a goblin and a kobold.

Vanquished Creatures
  A ball python (D:1)
  2 giant cockroaches (D:1)
  2 quokkas (D:1)
  2 bats (D:1)
  4 kobolds (D:1)
  3 rats (D:1)
14 creatures vanquished.

Notes
Turn   | Place    | Note
-------+----------+-------------------------------------------
     0 | D:1      | cheechan the Naga Hunter began the quest for the Orb.
     0 | D:1      | Reached XP level 1. HP: 19/19 MP: 1/1
    68 | D:1      | Found a faded altar of an unknown god.
   156 | D:1      | Reached XP level 2. HP: 3/26 MP: 2/2
   198 | D:1      | Reached skill level 4 in Crossbows
   250 | D:1      | Frozen to death by an endoplasm

Illustrated notes

Levels and vault maps discovered:
D:1:      minmay_arrival_four_houses, layout_rooms,
          shapermc_ecumenical_altar_acropolis, serial_forest,
          infiniplex_forest_zigzag_2, infiniplex_forest_zigzag_2,
          infiniplex_forest_split, infiniplex_forest_lined_3,
          infiniplex_forest_lined_1, infiniplex_forest_clump_C,
          infiniplex_forest_lined_2, infiniplex_forest_straight_4,
          infiniplex_forest_lined_room_3, minmay_tromino_v2

Skill      XL: |  1  2 |
---------------+-------+-----
Crossbows      | 4 |  4.0
Fighting       | |  2.0
Armour         | |  0.4
Dodging        | |  1.6
Stealth        | |  1.5

Action                   || total
-------------------------++-------
Melee: Hand crossbow     ||    17
 Fire: Hand crossbow     ||    25
 Abil: Spit Poison       ||     7
Armor: Leather armour    ||     4
Dodge: Dodged            ||    12

Table legend: (Time is in decaauts)
 A = Elapsed time spent in this place.
 B = Non-inter-level travel time spent in this place.
 C = Inter-level travel time spent in this place.
 D = Time resting spent in this place.
 E = Time spent auto-exploring this place.
 F = Levels seen in this place.
 G = Mean time per level.
                   A        B        C        D        E       F      G
               +--------+--------+--------+--------+--------+-----+--------+
         Total |    339 |    339 |      0 |      0 |      0 |   1 |  339.0 |
       Dungeon |    339 |    339 |      0 |      0 |      0 |   1 |  339.0 |
               +--------+--------+--------+--------+--------+-----+--------+

Top non-repeatable levels by time:
     D:1: 339 daAuts
